 Dungeon Crawl Stone Soup version 0.29-a0-559-g359e09b9d1 (console) character file.

Game seed: 16360898227418120112

122780 om the Severer (level 16, 0/134 HPs)
             Began as a Minotaur Fighter on June 9, 2022.
             Was an Initiate of Gozag.
             Slain by Agnes
             ... wielding a +3 lajatang of speed
              (15 damage)
             ... on level 1 of the Elven Halls.
             The game lasted 01:26:58 (34258 turns).

om the Severer (Minotaur Fighter)                  Turns: 34258, Time: 01:26:59

Health: 0/134      AC: 19    Str: 30    XL:     16   Next: 35%
Magic:  15/15      EV: 23    Int:  5    God:    Gozag
Gold:   8410       SH:  5    Dex: 21    Spells: 15/15 levels left

rFire   + + .      SeeInvis .   a - +2 battleaxe (flame)
rCold   + + +      Faith    .   (shield currently unavailable)
rNeg    . . .      Spirit   .   w - +7 ring mail of the Hidden Vale {Drain rElec Str+6}
rPois   +          Reflect  +   (helmet restricted)
rElec   +          Harm     .   o - scarf {rC+ rF+}
rCorr   +          Rampage  .   t - +1 pair of gloves
Will    +....                   d - +0 pair of boots {Fly}
Stlth   +.........              j - amulet of reflection
HPRegen 0.32/turn               c - ring of protection from cold
MPRegen 0.14/turn               G - +6 ring of dexterity

@: mighty, resistant, gold aura, flying
A: horns 2, retaliatory headbutt
a: Renounce Religion, Potion Petition, Call Merchant, Bribe Branch


You were on level 1 of the Elven Halls.
You worshipped Gozag.
Gozag was greatly pleased with you.
You visited 4 branches of the dungeon, and saw 24 of its levels.
You also visited: Bailey.

You collected 10483 gold pieces.
You spent 129 gold pieces at shops.
You paid 1944 gold pieces to Gozag.

Inventory:

Hand Weapons
 a - a +2 battleaxe of flaming (weapon)
 b - the +9 shortbow of True Grit {venom, rC- Str+4 Int+2}
   (You took it off a goblin in a bailey)

   Any ammunition fired from it poisons the flesh of those it strikes.
   Str:       It affects your strength (+4).
   Int:       It affects your intelligence (+2).
   rC:        It makes you vulnerable to cold.
 I - a +1 battleaxe of electrocution
Armour
 d - a +0 pair of boots of flying (worn)
 o - a scarf of resistance (worn)
 s - a +2 pair of boots
 t - a +1 pair of gloves (worn)
 w - the +7 ring mail of the Hidden Vale (worn) {Drain rElec Str+6}
   (You found it on level 4 of the Dungeon)

   Str:       It affects your strength (+6).
   rElec:     It insulates you from electricity.
   Drain:     It drains your maximum health when unequipped.
 R - +0 fire dragon scales
Jewellery
 c - a ring of protection from cold (left hand)
 g - a ring of see invisible
 j - an amulet of reflection (around neck)
 p - an amulet of regeneration
 C - a ring of flight
 G - a +6 ring of dexterity (right hand)
 L - a ring of ice
 S - a ring of fire
 X - a ring of willpower
Wands
 r - a wand of paralysis (40)
 x - a wand of iceblast (3)
 y - a wand of mindburst (9)
 A - a wand of polymorph (5)
 F - a wand of flame (48)
 M - a wand of digging (8)
 U - a wand of charming (5)
Scrolls
 h - 5 scrolls of poison
 k - 6 scrolls of fog
 l - 2 scrolls of summoning
 q - 7 scrolls of teleportation
 u - a scroll of vulnerability
 z - 5 scrolls of enchant armour
 H - a scroll of acquirement
 J - 2 scrolls of magic mapping
 K - 5 scrolls of amnesia
 O - 3 scrolls of torment
 Q - a scroll of blinking
 V - 6 scrolls of identify
 Y - a scroll of enchant weapon
Potions
 e - 6 potions of cancellation
 f - 17 potions of curing
 i - 2 potions of invisibility
 m - 4 potions of lignification
 n - 2 potions of berserk rage
 B - a potion of haste
 D - 3 potions of ambrosia
 E - 4 potions of might
 P - 3 potions of brilliance
 W - 2 potions of magic
 Z - 2 potions of resistance


   Skills:
 - Level 10.0 Fighting
 + Level 19.9 Axes
 + Level 13.5 Bows
 * Level 15.5 Armour
 * Level 15.4 Dodging
 - Level 4.0 Shields
 + Level 6.5 Evocations


You had 15 spell levels left.
You didn't know any spells.
Your spell library contained the following spells:

 Spells                   Type           Power      Damage    Failure   Level
 Apportation              Tloc           0%         N/A       56%         1
 Necrotize                Necr           0%         1d4       56%         1
 Shock                    Conj/Air       0%         1d3       56%         1
 Sting                    Tmut/Pois      0%         1d3       56%         1
 Summon Small Mammal      Summ           0%         N/A       56%         1
 Poisonous Vapours        Pois/Air       0%         N/A       71%         2
 Inner Flame              Hex/Fire       0%         N/A       90%         3
 Swiftness                Air            0%         N/A       90%         3
 Airstrike                Air            0%         N/A       100%        4
 Anguish                  Hex/Necr       0%         N/A       100%        4
 Cause Fear               Hex            0%         N/A       100%        4
 Dispel Undead            Necr           0%         3d6       100%        4
 Olgreb's Toxic Radiance  Pois           0%         N/A       100%        4
 Fireball                 Conj/Fire      0%         3d3       100%        5
 Iskenderun's Battlesphe  Conj           0%         2d6       100%        5
 Conjure Ball Lightning   Conj/Air       0%         3x3d6     100%        6
 Death Channel            Necr           0%         N/A       100%        6
 Enfeeble                 Hex            0%         N/A       100%        7
 Orb of Destruction       Conj           0%         9d5       100%        7
 Discord                  Hex            0%         N/A       100%        8
 Corpse Rot               Necr/Pois/Air  Unusable   N/A       N/A         4

Dungeon Overview and Level Annotations

Branches:
Dungeon (15/15) Temple (0/1) D:4 Lair (6/6) D:8 Shoals (0/4) Lair:4 Spider (0/4) Lair:2 Slime (0/5) Lair:5 Orc (2/2) D:9 Elf (1/3) Orc:2 Vaults (0/5) D:13 D:14 Depths (0/4) D:15 Bailey (visited)

Altars:
Ashenzari
Dithmenos
Elyvilon
Fedhas
Gozag
Kikubaaqudgha
Ru
Sif Muna
Trog
Uskayaw
Wu Jian
Yredelemnul
Zin
The Shining One
Beogh

Shops:
D:15 [   Orc:2 ?[*(

Portals:
Abyss: D:8

Annotations:
D:8 2 transporters, sasquatch's ghost, novice FoFi
D:13 exclusion: downstairs
Lair:5 2 transporters, turdburglar's ghost, journeyman GnHu
Elf:1 Agnes


Innate Abilities, Weirdness & Mutations

You have a pair of horns on your head.
You reflexively headbutt those who attack you in melee.


Message History

You completely miss the deep elf pyromancer.
You block the deep elf pyromancer's attack.
You slice the deep elf pyromancer!! You burn the deep elf pyromancer.
Your headbutt misses the deep elf pyromancer.
The deep elf pyromancer is severely wounded.
You slash the deep elf pyromancer! You burn the deep elf pyromancer.
You kill the deep elf pyromancer!
Aiming: Paralyse
Press: ? - help, Shift-Dir - straight line, f - Agnes
Aim: Agnes, wielding a +3 lajatang of speed and wearing a +0 robe (chance to affect: 6%)
Okay, then.
Aiming: Polymorph
Press: ? - help, Shift-Dir - straight line, f - Agnes
Aim: Agnes, wielding a +3 lajatang of speed and wearing a +0 robe (will become an eye of devastation, a glowing shapeshifter, or a spark wasp, chance to affect: 6%)
Okay, then.
Aiming: Corrosive Bolt
Press: ? - help, Shift-Dir - straight line, f - Agnes
Aim: Agnes, wielding a +3 lajatang of speed and wearing a +0 robe (42% to hit)
The bolt of acid hits Agnes!
The acid corrodes Agnes!
Agnes is lightly wounded.
Aiming: Corrosive Bolt
Press: ? - help, Shift-Dir - straight line, f/p - Agnes
Aim: Agnes, wielding a +3 lajatang of speed and wearing a +0 robe (lightly wounded, covered in acid, 42% to hit)
The bolt of acid misses Agnes.
The now-empty wand crumbles to dust. [a] - 294 gold - resistance and might [b] - 280 gold - resistance [c] - 208 gold - heal wounds and curing Purchase which effect?
You feel protected.
You feel very mighty all of a sudden.
Agnes hits you with a +3 lajatang of speed.
Agnes hits you with a +3 lajatang of speed!!
* * * LOW HITPOINT WARNING * * *
As you read the scroll of fear, it crumbles to dust.
You assume a fearsome visage.
Agnes easily resists.
Agnes hits you with a +3 lajatang of speed!
* * * LOW HITPOINT WARNING * * *
Agnes closely misses you.
Agnes hits you with a +3 lajatang of speed!
You die...
Your body crumbles into a pile of gold.

.#.........##
......e....
#.........#
#.........#
#.8.....8.#
#.........#
#'''''#
#..i..#
#.$@..#
#.....#
#.....#
##...## #####


You could see Agnes (corroded) and a deep elf zephyrmancer.

Vanquished Creatures
  Rupert (D:13)
  Kirke (Lair:5)
  Donald (Orc:2)
  An orc warlord (Bailey)
  Snorg (D:13)
  Fannar (D:11)
  2 boulder beetles
  5 hydras
  Erolcha (D:11)
  6 ogre magi
  24 two-headed ogres
  Erica (Lair:1)
  2 catoblepae
  An alligator (Lair:6)
  4 centaur warriors
  5 tengu warriors
  7 death yaks
  An orc high priest (Orc:1)
  Urug (D:14)
  A glowing orange brain (shapeshifter) (D:14)
  A lindwurm (Lair:6)
  A necromancer (D:15)
  5 orc knights
  2 wizards (D:15)
  3 deep elf zephyrmancers
  4 deep elf pyromancers
  A wolf spider (Lair:6)
  2 orc sorcerers
  2 manticores
  2 oklob plants
  21 ugly things
  5 cyclopes
  15 elephants
  A centaur zombie (D:15)
  12 black mambas
  A gargoyle (D:12)
  2 torpor snails (Lair:6)
  A guardian serpent (Lair:6)
  13 cane toads
  2 rime drakes
  A yaktaur (D:10)
  An efreet (D:15)
  3 centaur skeletons (D:15)
  A kobold demonologist (D:14)
  6 komodo dragons
  2 trolls (shapeshifter)
  9 trolls
  A wind drake (shapeshifter) (D:13)
  3 meliai (D:15)
  13 polar bears
  Prince Ribbit (D:9)
  4 raiju (Lair:6)
  3 hornets (Lair:6)
  7 slime creatures
  4 dream sheep (Lair:6)
  3 blink frogs (Lair:2)
  2 culicivoras (Lair:2)
  A shadow (D:9)
  A ynoxinul (D:10)
  A vampire (D:9)
  52 yaks
  3 jumping spiders (Lair:2)
  18 wyverns
  A water elemental (Elf:1)
  4 hogs (Lair:6)
  16 humans
  4 steam dragons
  A hog (shapeshifter) (D:8)
  6 basilisks
  4 redbacks
  Edmund (D:5)
  An acid dragon (D:9)
  9 wargs
  13 hell hounds (Lair:6)
  19 water moccasins
  A swamp drake (D:8)
  29 orc warriors
  13 black bears
  2 ice beasts
  24 wolves
  31 ogres
  6 centaurs
  3 phantoms
  A kobold brigand (D:9)
  Blork the orc (D:5)
  7 bullfrogs
  4 gnoll sergeants
  2 scorpions
  5 wights (D:9)
  A hornet simulacrum (D:15)
  2 troll zombies (D:9)
  18 killer bees
  3 electric eels
  10 howler monkeys
  4 hounds
  4 jellies
  16 orc priests
  Jessica (D:2)
  2 gnoll shamans (D:7)
  5 iguanas
  Ijyb (D:3)
  18 orc wizards
  17 hell rats
  4 ogre zombies (D:9)
  25 gnolls
  6 adders
  2 shadow imps
  2 white imps (D:6)
  An ufetubus (D:4)
  2 worms (D:3)
  A dart slug (D:3)
  108 orcs
  7 ball pythons
  4 bats
  7 endoplasms
  17 goblins
  12 hobgoblins
  2 jackals (D:3)
  A quokka (D:2)
  4 frilled lizards (D:1)
  3 goblin zombies (D:9)
  A hobgoblin skeleton (D:9)
  9 kobolds
  4 orc skeletons (D:9)
  11 orc zombies (D:9)
  7 rats
  A fungus (Lair:4)
  4 plants (Lair:4)
858 creatures vanquished.

Vanquished Creatures (others)
  An ogre mage (D:15)
  A hornet (D:8)
  3 humans (Lair:6)
  An ogre (D:15)
  A hell rat (Lair:3)
  An orc (D:8)
  77 fungi
  128 plants
  7 toadstools (Lair:4)
220 creatures vanquished.

Grand Total: 1078 creatures vanquished

Notes
Turn   | Place    | Note
-------+----------+-------------------------------------------
     0 | D:1      | om the Minotaur Fighter began the quest for the Orb.
     0 | D:1      | Reached XP level 1. HP: 19/19 MP: 0/0
   337 | D:1      | Found a faded altar of an unknown god.
   342 | D:1      | Reached XP level 2. HP: 27/27 MP: 1/1
   346 | D:1      | Prayed at the altar of an unknown god.
   346 | D:1      | Became a worshipper of Gozag Ym Sagoz the Greedy
   674 | D:1      | Reached skill level 3 in Axes
   904 | D:2      | Noticed Jessica
   913 | D:2      | Killed Jessica
   914 | D:2      | Reached skill level 1 in Dodging
   914 | D:2      | Reached XP level 3. HP: 27/33 MP: 2/2
  2008 | D:3      | Reached XP level 4. HP: 32/40 MP: 3/3
  2214 | D:3      | Noticed Ijyb
  2215 | D:3      | Paralysed by Ijyb for 4 turns
  2221 | D:3      | Killed Ijyb
  2222 | D:3      | Reached skill level 4 in Axes
  2826 | D:4      | Reached XP level 5. HP: 47/47 MP: 4/4
  2840 | D:4      | Noticed a black bear
  2849 | D:4      | Killed a black bear
  2850 | D:4      | Reached skill level 5 in Axes
  2850 | D:4      | Reached XP level 6. HP: 49/55 MP: 5/5
  2984 | D:4      | Found a staircase to the Ecumenical Temple.
  3025 | D:4      | Identified the +7 ring mail of the Hidden Vale {Drain rElec
                  | Str+6}
  3271 | D:5      | Entered Level 5 of the Dungeon
  3463 | D:5      | Noticed Blork the orc
  3467 | D:5      | Killed Blork the orc
  3468 | D:5      | Reached skill level 5 in Fighting
  3468 | D:5      | Reached skill level 5 in Armour
  3606 | D:5      | Reached skill level 6 in Axes
  3658 | D:5      | Noticed Edmund
  3665 | D:5      | Killed Edmund
  3666 | D:5      | Reached XP level 7. HP: 60/61 MP: 6/6
  3754 | D:5      | Reached skill level 7 in Axes
  4157 | D:5      | Found a white marble altar of Elyvilon.
  4452 | D:5      | Reached XP level 8. HP: 68/68 MP: 7/7
  4516 | D:6      | Reached skill level 8 in Axes
  4545 | D:6      | Reached skill level 5 in Dodging
  4627 | D:6      | Found a hide-covered altar of Uskayaw.
  4627 | D:6      | Found a glowing golden altar of the Shining One.
  4707 | D:6      | Reached skill level 1 in Evocations
  4751 | D:6      | Found a sacrificial altar of Ru.
  5080 | D:6      | Found a basalt altar of Yredelemnul.
  5630 | D:7      | Reached XP level 9. HP: 71/75 MP: 8/8
  5950 | D:7      | Found a broken altar of Ashenzari.
  6463 | D:7      | Reached skill level 9 in Axes
  6582 | D:8      | Noticed an ancient zyme
  6598 | D:8      | Noticed sasquatch's ghost (novice FoFi)
  6604 | D:8      | Noticed an ancient zyme
  6650 | D:8      | Found a one-way gate to the infinite horrors of the Abyss.
  6708 | D:8      | Reached skill level 5 in Evocations
  6887 | D:8      | Found a transporter.
  6971 | D:8      | Found a shadowy altar of Dithmenos.
  7038 | D:8      | Reached XP level 10. HP: 57/86 MP: 9/9
  7354 | D:8      | Found a staircase to the Lair.
  7421 | D:8      | Found a transporter.
  8112 | D:9      | Found a staircase to the Orcish Mines.
  8127 | D:9      | Reached skill level 10 in Axes
  8255 | D:9      | Noticed Prince Ribbit
  8278 | D:9      | Killed Prince Ribbit
  8295 | D:9      | Identified the +1 falchion of Zeawnaick {vorpal, rElec rF-
                  | rC- rCorr}
  8400 | D:9      | Reached skill level 10 in Armour
  8482 | D:9      | Reached skill level 10 in Dodging
  9355 | D:10     | Entered Level 10 of the Dungeon
  9433 | D:10     | Noticed a two-headed ogre
  9443 | D:10     | Killed a two-headed ogre
  9444 | D:10     | Reached XP level 11. HP: 56/92 MP: 10/10
  9458 | D:10     | Found an ancient bone altar of Kikubaaqudgha.
  9461 | D:10     | Noticed a two-headed ogre
  9495 | D:10     | Found a flagged portal.
  9500 | D:10     | Reached skill level 11 in Axes
  9506 | D:10     | Identified the +8 hand axe of Kakecerr {pain, *Rage rC+ rN+
                  | Int+4}
  9513 | Bailey   | Entered a bailey
  9878 | Bailey   | Noticed an orc knight
  9888 | Bailey   | Killed an orc knight
  9951 | Bailey   | Noticed an orc warlord
  9981 | Bailey   | Killed an orc warlord
  9982 | Bailey   | Reached skill level 12 in Axes
 10181 | Bailey   | Identified the +9 shortbow of True Grit {venom, rC- Str+4
                  | Int+2}
 10391 | D:10     | Found a bloodstained altar of Trog.
 10433 | D:10     | Found a shimmering blue altar of Sif Muna.
 10640 | D:10     | Found a runed translucent door.
 10810 | D:10     | Found an ornate altar of the Wu Jian Council.
 10830 | D:10     | Found a glowing silver altar of Zin.
 10835 | D:10     | Killed a two-headed ogre
 10836 | D:10     | Reached skill level 13 in Axes
 10968 | D:11     | Noticed a boulder beetle
 10974 | D:11     | Identified the +6 flail of Resourcefulness {vorpal, *Slow
                  | rCorr Int+5}
 10989 | D:11     | Killed a boulder beetle
 11183 | D:11     | Noticed Fannar
 11213 | D:11     | Killed Fannar
 11214 | D:11     | Reached skill level 14 in Axes
 11446 | D:11     | Noticed a two-headed ogre
 11452 | D:11     | Killed a two-headed ogre
 11637 | D:11     | Noticed a red ugly thing
 11667 | D:10     | Killed a red ugly thing
 11958 | D:11     | Noticed Erolcha
 11978 | D:11     | Paralysed by Erolcha for 2 turns
 11982 | D:11     | Killed Erolcha
 11983 | D:11     | Reached skill level 15 in Axes
 12284 | D:12     | Noticed a white ugly thing
 12293 | D:12     | Killed a white ugly thing
 12294 | D:12     | Reached XP level 12. HP: 103/103 MP: 11/11
 12539 | D:12     | Reached skill level 10 in Fighting
 12738 | D:12     | Reached skill level 1 in Bows
 13696 | D:13     | Reached skill level 5 in Bows
 13997 | D:13     | Found a glowing silver altar of Zin.
 14183 | D:14     | Noticed Urug
 14183 | D:14     | Noticed a centaur warrior
 14183 | D:14     | Noticed Rupert
 14183 | D:14     | Noticed a centaur warrior
 14183 | D:14     | Found a gate to the Vaults.
 14385 | Orc:1    | Entered Level 1 of the Orcish Mines
 15311 | Orc:1    | Noticed an orc high priest
 15354 | Orc:1    | Killed an orc high priest
 15638 | Orc:2    | Entered Level 2 of the Orcish Mines
 15895 | Orc:2    | Noticed a two-headed ogre
 15897 | Orc:2    | Noticed a two-headed ogre
 15904 | Orc:2    | Noticed a two-headed ogre
 15907 | Orc:2    | Noticed an ogre mage
 15909 | Orc:2    | Noticed an ogre mage
 15912 | Orc:1    | Killed a two-headed ogre
 16070 | Orc:2    | Noticed a two-headed ogre
 16070 | Orc:2    | Found a staircase to the Elven Halls.
 16079 | Orc:1    | Killed a two-headed ogre
 16100 | Orc:1    | Reached XP level 13. HP: 56/113 MP: 12/12
 16513 | Orc:1    | Reached skill level 16 in Axes
 16961 | Orc:2    | Found Xuat's Assorted Antiques.
 16961 | Orc:2    | Found Reekk's Weapon Shop.
 16962 | Orc:2    | Found Masy's Magic Scroll Boutique.
 16962 | Orc:2    | Found Acuemesch's Antique Armour Emporium.
 17161 | Orc:2    | Bought a scroll of fear for 45 gold pieces
 17161 | Orc:2    | Bought a scroll of magic mapping for 45 gold pieces
 17161 | Orc:2    | Bought a scroll of teleportation for 39 gold pieces
 18213 | Lair:1   | Entered Level 1 of the Lair of Beasts
 18349 | Lair:1   | You are sucked into a shaft and drop 1 floor!
 18922 | Lair:2   | Found a hole to the Spider Nest.
 20148 | Lair:3   | Identified the +4 whip of Math {vorpal, rF+ Stlth+}
 20552 | Lair:3   | Reached XP level 14. HP: 57/121 MP: 13/13
 22185 | Lair:1   | Noticed Erica
 22319 | Lair:1   | Killed Erica
 22853 | Lair:4   | Found a blossoming altar of Fedhas.
 23221 | Lair:4   | Found a staircase to the Shoals.
 23885 | Lair:5   | Found a transporter.
 23993 | Lair:5   | Found a transporter.
 24011 | Lair:5   | Noticed turdburglar's ghost (journeyman GnHu)
 24133 | Lair:5   | Reached skill level 17 in Axes
 24146 | Lair:5   | Found a staircase to the Slime Pits.
 25505 | D:14     | Noticed Snorg
 25517 | D:13     | Killed Snorg
 26065 | D:13     | Killed Rupert
 26066 | D:13     | Reached skill level 15 in Armour
 26505 | D:14     | Killed Urug
 26603 | D:14     | You are sucked into a shaft and drop 1 floor!
 26603 | D:15     | Entered Level 15 of the Dungeon
 27247 | D:14     | Reached skill level 15 in Dodging
 27247 | D:14     | Reached XP level 15. HP: 105/126 MP: 14/14
 27550 | D:14     | Reached skill level 10 in Bows
 28311 | D:15     | Reached skill level 18 in Axes
 29249 | D:15     | Found a staircase to the Depths.
 29332 | D:15     | Found Goschif's Armour Shoppe.
 29732 | Lair:6   | Entered Level 6 of the Lair of Beasts
 29732 | Lair:6   | Noticed Kirke
 29934 | Lair:5   | Killed Kirke
 30054 | Lair:6   | Reached skill level 19 in Axes
 31013 | Lair:6   | Reached XP level 16. HP: 134/134 MP: 15/15
 33872 | Elf:1    | Entered Level 1 of the Elven Halls
 33880 | Elf:1    | Noticed Donald
 33898 | Elf:1    | Noticed Agnes
 33929 | Orc:2    | Killed Donald
 34258 | Elf:1    | Slain by Agnes

Illustrated notes

Levels and vault maps discovered:
D:1:      erik_arrival_orb_chamber, layout_basic, basic_ecumenical_altar,
          hangedman_glass_teeth, nrook_campfire, minmay_pentomino_w2
D:2:      layout_basic, uniq_jessica
D:3:      layout_loops_corners, uniq_ijyb
D:4:      layout_rooms, minmay_temple_entry_large_hall
D:5:      layout_loops_ring, lemuel_crystal_altar, uniq_edmund,
          uniq_blork_the_orc
D:6:      layout_loops_ring, chequers_temple_overflow_statue_of_worship,
          mainiacjoe_overflow_cross_hatched, lemuel_round_altar
D:7:      layout_loops_ring, nicolae_ashenzari_skybound, hangedman_decor_growths
D:8:      layout_cave_pools, kennysheep_little_box, erik_lair_dragon,
          special_room [special_room_orc], gammafunk_ghost_abyssal_escape,
          grunt_ministairs_9, kennysheep_minor_cross, small_chamber_with_monster
D:9:      layout_basic, zombieorc1_lemuel, uniq_prince_ribbit1
D:10:     layout_long_grid, nzn_overflow_gifts_of_might_and_magic,
          gammafunk_temple_overflow_forgotten, enter_bailey_2, minmay_st_funbox
D:11:     layout_rooms, grunt_decor_mini_mirrors, kennysheep_nondescript,
          uniq_fannar, uniq_erolcha
D:12:     layout_gridville
D:13:     layout_rooms, zin_scriptorium
D:14:     layout_basic, david_vaults_3, minivault_26, uniq_snorg
D:15:     grunt_enter_depths_magical_seal, layout_irregular_city, serial_shops,
          nicolae_diamond_shop, grunt_decor_arrowhead,
          hangedman_abyss_or_decor_lesser_grid, serial_bayou_ford_a
Lair:1:   layout_gridlike, hangedman_lair_unloving_vines, uniq_urug, uniq_erica
Lair:2:   layout_chaotic_city, nicolae_spider_entry_tight_spaces,
          infiniplex_staircase_pool_2
Lair:3:   layout_small_grid, infiniplex_staircase_pool
Lair:4:   layout_gridlike, elwin_shoals_entry_rooms, tgw_fedhas
Lair:5:   dpeg_oklob_shooting_range, layout_cave_pods, slime_dummy,
          nzn_ghost_randoct, serial_bayou_shore_a, grunt_megastairs_3,
          lemuel_fruit_tree
Lair:6:   hangedman_lair_caniforms_friends, layout_small_grid,
          hangedman_lair_tendril_chambers, uniq_kirke
Orc:1:    layout_caves, nicolae_orc_damp_corner, minmay_orc_temple_c
Orc:2:    st_orc_ogre_mass, layout_caves
Elf:1:    eino_elf_arrival_the_gate, layout_loops_cross,
          hangedman_elven_crosses_minicolossus, uniq_donald, uniq_zenata,
          uniq_agnes

Skill      XL: |  1  2  3  4  5  6  7  8  9 10 11 12 13 14 15 |
---------------+----------------------------------------------+-----
Axes           | 3 4 5 6 7 8 9 10 15 16 17 19 | 19.9
Fighting       | 4 5 7 8 10 | 10.0
Dodging        | 1 2 3 4 6 7 10 11 13 15 | 15.4
Shields        | 4 |  4.0
Armour         | 4 5 6 7 10 11 13 15 | 15.5
Evocations     | 3 5 6 |  6.5
Bows           | 6 7 9 13 | 13.5

Action                   |  1- 3 |  4- 6 |  7- 9 | 10-12 | 13-15 | 16-18 || total
-------------------------+-------+-------+-------+-------+-------+-------++-------
Melee: War axe           |    70 |    77 |   146 |       |       |       ||   293
       Headbutt          |    12 |    13 |    40 |    92 |   146 |    82 ||   385
       Battleaxe         |       |       |   109 |   431 |   603 |   238 ||  1381
       Morningstar       |       |       |       |       |    10 |       ||    10
 Fire: Shortbow          |       |       |       |   164 |   469 |   107 ||   740
Invok: Potion Petition   |       |       |       |     4 |       |     2 ||     6
Evoke: Wand              |       |       |     1 |    15 |     4 |     5 ||    25
  Use: Scroll            |     4 |     4 |     1 |    18 |     3 |     5 ||    35
       Potion            |       |     1 |       |     2 |     3 |     4 ||    10
 Stab: Distracted        |       |       |       |     4 |     9 |     1 ||    14
       Invisible         |       |       |       |       |       |     2 ||     2
Armor: Scale mail        |    36 |    23 |       |       |       |       ||    59
       Ring mail         |       |    11 |   162 |   192 |   233 |    28 ||   626
Dodge: Dodged            |    27 |    34 |   190 |   276 |   602 |   125 ||  1254
Block: Buckler           |    23 |    38 |    70 |       |       |       ||   131
       Reflection        |       |     1 |     1 |     6 |    11 |     2 ||    21
       Other             |       |       |    45 |   120 |   153 |    43 ||   361

Table legend: (Time is in decaauts)
 A = Elapsed time spent in this place.
 B = Non-inter-level travel time spent in this place.
 C = Inter-level travel time spent in this place.
 D = Time resting spent in this place.
 E = Time spent auto-exploring this place.
 F = Levels seen in this place.
 G = Mean time per level.
                   A        B        C        D        E       F      G
               +--------+--------+--------+--------+--------+-----+--------+
         Total |  34262 |  31481 |   2781 |   6681 |  18831 |  25 | 1370.5 |
       Dungeon |  19326 |  17480 |   1846 |   3567 |  10501 |  15 | 1288.4 |
          Lair |   9895 |   9124 |    771 |   1405 |   6267 |   6 | 1649.2 |
  Orcish Mines |   4174 |   4011 |    163 |   1435 |   1754 |   2 | 2087.0 |
   Elven Halls |     30 |     30 |      0 |      0 |      0 |   1 |   30.0 |
        Bailey |    835 |    835 |      0 |    273 |    309 |   1 |  835.0 |
               +--------+--------+--------+--------+--------+-----+--------+

Top non-repeatable levels by time:
    D:13: 2620 daAuts
   Orc:1: 2412 daAuts
  Lair:6: 2360 daAuts
    D:15: 2109 daAuts
  Lair:3: 1998 daAuts
  Lair:5: 1846 daAuts
     D:9: 1800 daAuts
   Orc:2: 1762 daAuts
     D:8: 1584 daAuts
  Lair:2: 1508 daAuts
    D:10: 1379 daAuts
     D:5: 1212 daAuts
     D:3: 1159 daAuts
     D:7: 1156 daAuts
    D:12: 1153 daAuts
